 Dungeon Crawl Stone Soup version 0.31.0-9-g3a7656b989 (webtiles) character file.

Game seed: 12018852287627130491

105 qw the Skirmisher (level 4, -3/25 HPs)
             Began as a Deep Elf Hunter on Feb 2, 2024.
             Slain by a gnoll
             ... wielding a +0 halberd
              (11 damage)
             ... on level 3 of the Dungeon.
             The game lasted 00:00:06 (1763 turns).

qw the Skirmisher (Deep Elf Hunter)                 Turns: 1763, Time: 00:00:07

Health: -3/25      AC:  7    Str: 10    XL:     4   Next: 53%
Magic:  6/6        EV: 11    Int: 14    God:
Gold:   52         SH:  0    Dex: 18    Spells: 3/3 levels left

rFire   . . .        a - +1 shortbow
rCold   . . .        (shield currently unavailable)
rNeg    . . .        h - +0 ring mail
rPois   .            (no helmet)
rElec   .            i - +1 cloak
rCorr   .            (no gloves)
SInv    .            (no boots)
Will    .....        (no amulet)
Stlth   +            (no ring)
HPRegen 0.24/turn    (no ring)
MPRegen 0.10/turn

%: no passive effects
@: no status effects
A: no striking features
a: no special abilities


You were on level 3 of the Dungeon.
You visited 1 branch of the dungeon, and saw 3 of its levels.

You collected 52 gold pieces.


   Skills:
 - Level 1.5 Fighting
 + Level 8.0 Ranged Weapons
 - Level 2.4 Dodging
 - Level 1.2 Stealth


You had 3 spell levels left.
You didn't know any spells.
Your spell library was empty.

Inventory:

Hand Weapons
 a - a +1 shortbow (weapon)
Armour
 h - a +0 ring mail (worn)
 i - a +1 cloak (worn)
Scrolls
 b - a scroll of identify
Potions
 e - a potion of might {unknown}
 f - 2 potions of curing
 j - a potion of cancellation {unknown}

Dungeon Overview and Level Annotations

Branches:
Dungeon (3/15)

Altars:


Message History

A gnoll comes into view. It is wielding a +0 spear.
You shoot an arrow. The arrow hits the gnoll.
The gnoll is lightly wounded.
A gnoll comes into view. It is wielding a +0 halberd.
You shoot an arrow. The arrow hits the gnoll!
The gnoll is severely wounded.
You shoot an arrow. The arrow closely misses the gnoll. x2
You shoot an arrow. The arrow hits the gnoll.
You kill the gnoll!
Your Ranged Weapons skill increases to level 8!
You shoot an arrow. The arrow hits the gnoll.
The gnoll is moderately wounded.
You shoot an arrow. The arrow hits the gnoll.
The gnoll is heavily wounded.
The gnoll hits you but does no damage.
A kobold comes into view. It is wielding a +0 club.
You shoot an arrow. The arrow closely misses the gnoll.
The kobold shouts!
The gnoll hits you from afar with a +0 spear.
The gnoll misses you.
You shoot an arrow. The arrow hits the gnoll.
The gnoll is severely wounded.
The gnoll hits you from afar with a +0 spear!
The gnoll barely misses you.
A quokka comes into view.
The gnoll hits you from afar with a +0 spear.
The gnoll closely misses you.
You shoot an arrow.
The arrow hits the gnoll but does no damage.
The gnoll is severely wounded.
The gnoll hits you from afar with a +0 spear.
The gnoll hits you but does no damage.
You shoot an arrow. The arrow hits the gnoll.
The gnoll is almost dead.
The gnoll closely misses you.
The gnoll hits you from afar with a +0 halberd!
You shoot an arrow. The arrow hits the gnoll.
You kill the gnoll!
The gnoll hits you from afar with a +0 halberd!
You die...

####.###.|..#....####.######.####
#.# #....##.#.................
#.# ##.####(#.####.######.####
#.####.####.#.####..........#
#.........#..>...########.#.#
#.........###.#### #...#.#
#.........# #.# #.###.#
#.........# #.# #.#<..#.
########### #@# #.......
#........# #....... ........)g...
##...... .......rK...... #######
....###........ #### #.###....
... ..). ... ...


You could see a gnoll, a quokka and a kobold.

Vanquished Creatures
  Natasha (D:1)
  3 gnolls (D:3)
  An adder (D:3)
  2 dart slugs (D:1)
  2 ribbon worms
  An endoplasm (D:1)
  8 goblins
  3 hobgoblins
  2 jackals (D:1)
  4 kobolds
  3 quokkas (D:1)
  2 ball pythons
  5 bats (D:1)
  6 frilled lizards
  A rat (D:2)
44 creatures vanquished.

Vanquished Creatures (others)
  A bat (D:1)
1 creature vanquished.

Grand Total: 45 creatures vanquished

Notes
Turn   | Place    | Note
-------+----------+-------------------------------------------
     0 | D:1      | qw the Deep Elf Hunter began the quest for the Orb.
     0 | D:1      | Reached XP level 1. HP: 12/12 MP: 3/3
     0 | D:1      | 0 ||| qw: Version: 0.3-a-155-g5e7d8dd
     0 | D:1      | 0 ||| qw: Game counter: 64
     0 | D:1      | 0 ||| qw: Melee chars always use a shield: true
     0 | D:1      | 0 ||| qw: God list: Okawaru
     0 | D:1      | 0 ||| qw: Allow faded altars: false
     0 | D:1      | 0 ||| qw: Do Orc after clearing Dungeon:15 true
     0 | D:1      | 0 ||| qw: Do second Lair branch before Depths: true
     0 | D:1      | 0 ||| qw: Lair rune preference: random
     0 | D:1      | 0 ||| qw: Goals: Normal
     0 | D:1      | 0 ||| PLANNING D:1-11
   264 | D:1      | Reached XP level 2. HP: 16/16 MP: 4/4
   335 | D:1      | Reached skill level 6 in Ranged Weapons
   731 | D:1      | Reached XP level 3. HP: 20/20 MP: 5/5
  1022 | D:1      | 1022 ||| UPGRADING to +1 cloak.
  1027 | D:1      | 1027 ||| READING scroll labelled NEQOTU FYLEI.
  1027 | D:1      | 1027 ||| ENCHANTING +0 shortbow.
  1028 | D:1      | 1028 ||| READING scroll labelled EBEBLI KINIGO.
  1029 | D:1      | 1029 ||| READING 2 scrolls labelled AZIHUMYR JYAREMN.
  1029 | D:1      | 1029 ||| IDENTIFYING glowing golden potion
  1030 | D:1      | 1030 ||| READING scroll of identify.
  1030 | D:1      | 1030 ||| IDENTIFYING fuming cyan potion
  1031 | D:1      | 1031 ||| DROPPING scroll of butterflies.
  1032 | D:1      | 1032 ||| DROPPING potion of degeneration.
  1065 | D:2      | Noticed Natasha
  1066 | D:2      | 1066 ||| STAIRDANCE
  1070 | D:2      | 1070 ||| STAIRDANCE
  1077 | D:1      | Killed Natasha
  1078 | D:1      | Reached skill level 7 in Ranged Weapons
  1122 | D:2      | 1122 ||| STAIRDANCE
  1223 | D:2      | Reached XP level 4. HP: 25/25 MP: 6/6
  1473 | D:2      | Found a faded altar of an unknown god.
  1492 | D:2      | 1492 ||| UPGRADING to +0 ring mail.
  1502 | D:2      | 1502 ||| DROPPING +0 leather armour.
  1503 | D:2      | 1503 ||| DROPPING ring of magical power.
  1504 | D:2      | 1504 ||| READING scroll labelled YRONENUPL ATAD.
  1605 | D:2      | 1605 ||| READING scroll labelled VUAMUJYSUR.
  1757 | D:3      | Reached skill level 8 in Ranged Weapons
  1763 | D:3      | Slain by a gnoll

Levels and vault maps discovered:
D:1:      sevenhm_arrival_forest_fort_small_5, layout_basic,
          nicolae_houndstooth_variations
D:2:      layout_rooms, ebering_ecumenical_altar_mist, grunt_ministairs_14,
          uniq_natasha
D:3:      layout_basic, minmay_quantized, uniq_ijyb

Skill      XL: |  1  2  3  4 |
---------------+-------------+-----
Ranged Weapons | 6 7 8 |  8.0
Fighting       | |  1.5
Dodging        | |  2.4
Stealth        | |  1.2

Action                     |  1- 3 |  4- 6 || total
---------------------------+-------+-------++-------
   Fire: Shortbow          |    95 |    38 ||   133
    Use: Scroll            |     4 |     2 ||     6
 Armour: Leather armour    |    40 |       ||    40
         Ring mail         |       |    13 ||    13
  Dodge: Dodged            |    45 |     5 ||    50

Table legend:
 A = Non-vault XP
 B = Vault XP
 C = Vault XP percentage of total XP
 D = Non-vault monster count
 E = Vault monster count
 F = Vault count percentage of total count
                 A         B        C        D         E       F
            +---------+---------+-------+---------+---------+-------
      Total |     125 |      39 |  23.8 |      42 |       3 |   6.7
            +---------+---------+-------+---------+---------+-------
        D:1 |      52 |      36 |  40.9 |      27 |       1 |   3.6
        D:2 |      12 |       3 |  20.0 |       9 |       2 |  18.2
        D:3 |      61 |       0 |   0.0 |       6 |       0 |   0.0
            +---------+---------+-------+---------+---------+-------
